Cogmind - Beta 10.2 @@@ ROGUE MODE // 2022.02.15 @ 09:31:55 Player: Eskild Result: Destroyed by G-34 Mercenary with Small Laser Performance ------------- Evolutions (1) 500 Regions Visited (2) 400 Robots Destroyed (10) 50 Value Destroyed (220) 220 Prototype IDs (0) 0 Alien Tech Used (0) 0 Bonus (0) 0 TOTAL SCORE: 1170 Bonus ------- None Cogmind --------- Core Integrity 0/400 Matter 252/300 Energy 100/100 System Corruption 0% Temperature Cool (6) Movement Core (200) Ox3 Location -9/Materials Parts ------- > --- POWER (2) -------- (None) > --- PROPULSION (2) --- (None) > --- UTILITY (3) ------ Small Storage Unit Medium Storage Unit Armor Integrity Analyzer > --- WEAPON (2) ------- (None) > --- INVENTORY (10) --- Wheel Compact Wheel Heat Sink Improved Signal Interpreter Improved Terrain Scanner Reclamation Unit Peak State ------------ > --- POWER ------------ Ion Engine Light Ion Engine > --- PROPULSION ------- Aluminum Leg Aluminum Leg > --- UTILITY ---------- Small Storage Unit Medium Storage Unit Sensor Array > --- WEAPON ----------- Small Laser Assault Rifle > --- INVENTORY -------- Aluminum Leg Wheel Compact Wheel Heat Sink Improved Terrain Scanner Armor Integrity Analyzer Reclamation Unit [Rating: 10] Favorites ----------- Power Ion Engine Engine Ion Engine Propulsion Aluminum Leg Leg Aluminum Leg Utility Small Storage Unit Device Sensor Array Storage Small Storage Unit Processor Armor Integrity Analyzer Weapon Medium Laser Energy Gun Medium Laser Ballistic Gun Assault Rifle Build | -11 -10 -9 ------- Run | Scr Mat Mat Slots Evolved 2 | . . 2 Power 1 | . . 1 Propulsion . | . . . Utility 1 | . . 1 Weapon . | . . . Parts Attached 18 | 6 8 4 Power 3 | 1 1 1 Engine 3 | 1 1 1 Core . | . . . Reactor . | . . . Propulsion 7 | 2 4 1 Treads . | . . . Leg 7 | 2 4 1 Wheel . | . . . Hover . | . . . Flight . | . . . Utility 4 | 1 1 2 Device 1 | . . 1 Storage 2 | 1 1 . Processor 1 | . . 1 Hackware . | . . . Protection . | . . . Artifact . | . . . Weapon 4 | 2 2 . Energy Gun 3 | 2 1 . Energy Cannon . | . . . Ballistic Gun 1 | . 1 . Ballistic Cannon . | . . . Launcher . | . . . Special Weapon . | . . . Impact Weapon . | . . . Slashing Weapon . | . . . Piercing Weapon . | . . . Special Melee Weapon . | . . . Unidentified Prototypes . | . . . Parts Lost 13 | . 5 8 Power 3 | . 1 2 Propulsion 5 | . 2 3 Utility 1 | . . 1 Weapon 4 | . 2 2 Highest Loss Streak 3 | . 3 3 Average Slot Usage (%) 82 | . 89 73 Engine 15 | . 13 17 Leg 22 | . 27 14 Device 2 | . . 6 Storage 23 | . 24 22 Processor 1 | . . 2 Energy Gun 12 | . 17 4 Ballistic Gun 4 | . 4 4 Naked Turns . | . . . Heaviest Build 24 | 13 21 24 Greatest Support 20 | 20 20 20 Greatest Overweight (x) 6 | 1 1 6 Average Overweight (x) . | . . 1 Largest Inventory Capacity 10 | 6 10 10 Average Capacity 9 | 5 9 10 Most Carried 7 | 4 7 7 Average Carried 4 | 2 4 5 Final Capacity 10 | 6 10 10 Final Carried 6 | 4 6 6 Class Distribution -------------------- 100% | Mutant Dominant Class ---------------- Mutant | -10/Materials Mutant | -9/Materials Resources | -11 -10 -9 ----------- Run | Scr Mat Mat Matter Collected 353 | 144 209 . Remotely . | . . . Salvage Created 346 | . 346 . Parts 24 | . 24 . Haulers Intercepted 1 | . 1 . Recyclers Shooed . | . . . Parts Field Recycled . | . . . Retrieved Matter . | . . . Parts Self-Destructed . | . . . Prevented . | . . . Kills | -11 -10 -9 ------- Run | Scr Mat Mat Combat Hostiles Destroyed 8 | . 8 . Melee 1 | . 1 . Guns 7 | . 7 . Classes Destroyed 4 | . 4 . Builder 1 | . 1 . Hauler 1 | . 1 . Swarmer 3 | . 3 . Grunt 5 | . 5 . Best Kill Streak 4 | . 4 . Combat Bots Only 3 | . 3 . Max Kills in Single Turn 1 | . 1 . Gunslinging . | . . . Exploded . | . . . Melee 1 | . 1 . Uniques/NPCs Destroyed . | . . . Combat | -11 -10 -9 -------- Run | Scr Mat Mat Damage Taken 1697 | . 767 930 Core 593 | . 189 404 Absorbed by Shields . | . . . Core Remaining (%) 62 | 100 24 . Volleys Fired 53 | . 42 11 Largest 2 | . 2 2 Hottest 90 | . 90 60 Shots Fired 70 | . 49 21 Gun 70 | . 49 21 Cannon . | . . . Launcher . | . . . Special . | . . . Kinetic 30 | . 19 11 Thermal 29 | . 19 10 Explosive . | . . . Electromagnetic 11 | . 11 . Robot Hit Streak 9 | . 9 7 Robot Miss Streak 2 | . 2 2 Penetration Max . | . . . Secondary Targets 1 | . 1 . Max Gunslinging Chain 1 | . 1 . Shots Hit Robots 48 | . 35 13 Core Hits 17 | . 15 2 Critical Hits . | . . . Critical Kills . | . . . Critical Parts Destroyed . | . . . Melee Attacks . | . . . Impact . | . . . Slashing . | . . . Piercing . | . . . Sneak Attacks . | . . . Combat Hostiles . | . . . Follow-up Attacks . | . . . Damage Inflicted 643 | . 484 159 Guns 636 | . 480 156 Cannons . | . . . Explosions . | . . . Melee . | . . . Ramming 7 | . 4 3 Kinetic 286 | . 216 70 Thermal 251 | . 165 86 Explosive . | . . . Electromagnetic 99 | . 99 . Impact . | . . . Slashing . | . . . Piercing . | . . . Highest Corruption . | . . . Average Corruption . | . . . Corruption Purged . | . . . Overload Shots . | . . . Overflow Damage . | . . . Projectiles . | . . . Explosions . | . . . Melee . | . . . Knockbacks . | . . . Impact . | . . . Kinetic . | . . . Secondary . | . . . Self-Inflicted Damage 3 | . 2 1 Shots . | . . . Rammed 2 | . 1 1 Targets Rammed 2 | . 1 1 Kicked . | . . . Crushed . | . . . Highest Temperature 138 | . 138 54 Average Temperature 39 | . 44 27 Received Heat Transfer 822 | . 390 432 Siege Activations . | . . . Robots Corrupted . | . . . Combat Hostiles . | . . . Parts Fried . | . . . Impact Corruptions . | . . . Robots Melted . | . . . Combat Hostiles . | . . . Parts Melted . | . . . Heat Transferred 681 | . 481 200 Parts Sabotaged . | . . . Parts Stolen . | . . . Parts Stripped . | . . . Power Chain Reactions . | . . . Missiles Intercepted . | . . . Alert | -11 -10 -9 ------- Run | Scr Mat Mat Peak Influence 246 | . 246 133 Initial 103 | . . 103 Average 102 | . 125 96 Maximum Alert Level 1 | . 1 . Low Security (%) 90 | 100 81 100 Level 1 9 | . 18 . Level 2 . | . . . Level 3 . | . . . Level 4 . | . . . Level 5 . | . . . High Security . | . . . Max Security . | . . . Squads Dispatched 6 | . 5 1 Investigation 3 | . 2 1 Extermination . | . . . Reinforcement 3 | . 3 . Assault . | . . . Garrison . | . . . Intercept . | . . . Construction Impeded . | . . . Haulers Reinforced . | . . . Stealth | -11 -10 -9 --------- Run | Scr Mat Mat Distress Signals 2 | . 1 1 Communications Jammed . | . . . Distress Signals . | . . . Times Spotted 27 | . 16 11 Peak Tracking Total 5 | . 4 5 Tactical Retreats 4 | . 2 2 Traps | -11 -10 -9 ------- Run | Scr Mat Mat Traps Triggered 2 | . 1 1 Indirectly . | . . . Trap Hack Attempts . | . . . Triggered . | . . . Disarmed . | . . . Reprogrammed . | . . . Reused . | . . . Traps Extracted . | . . . Installed . | . . . Triggered . | . . . Machines | -11 -10 -9 ---------- Run | Scr Mat Mat Machines Disabled . | . . . Max in Single Turn . | . . . Machines Sabotaged . | . . . Garrisons Compromised . | . . . Overloaded Fab Kills . | . . . Fab Network Shutdowns . | . . . Hacking | -11 -10 -9 --------- Run | Scr Mat Mat Machines Accessed 5 | . 4 1 Terminals 4 | . 4 . Fabricators . | . . . Repair Stations . | . . . Recycling Units 1 | . . 1 Scanalyzers . | . . . Garrison Access . | . . . Total Hacks 20 | . 18 2 Successful 14 | . 12 2 Failed 6 | . 6 . Catastrophic . | . . . Database Lockouts . | . . . Manual . | . . . Terminals 18 | . 18 . Fabricators . | . . . Repair Stations . | . . . Recycling Units 2 | . . 2 Scanalyzers . | . . . Garrison Access . | . . . Terminal Hacks 12 | . 12 . Record 1 | . 1 . Branch Access Points 1 | . 1 . Emergency Access Points 1 | . 1 . Dispatch Records 1 | . 1 . Maintenance Status 1 | . 1 . Surveillance Status 1 | . 1 . Reinforcement Status 1 | . 1 . Recall Reinforcements 1 | . 1 . Hauler Manifests 2 | . 2 . Zone Layout 2 | . 2 . Fabricator Hacks . | . . . Repair Station Hacks . | . . . Recycling Unit Hacks 2 | . . 2 Retrieve Matter 1 | . . 1 Retrieve Components 1 | . . 1 Scanalyzer . | . . . Garrison Access Hacks . | . . . Unauthorized Hacks . | . . . Terminals . | . . . Fabricators . | . . . Repair Stations . | . . . Recycling Units . | . . . Scanalyzers . | . . . Garrison Access . | . . . Data Cores Recovered . | . . . Used . | . . . Hacking Detections 4 | . 4 . Full Trace Events 2 | . 2 . Feedback Events . | . . . Feedback Blocked . | . . . Robot Schematics Acquired . | . . . Robots Built . | . . . Matter . | . . . Time . | . . . Total Robot Build Rating . | . . . Part Schematics Acquired . | . . . Parts Built . | . . . Matter . | . . . Time . | . . . Total Part Build Rating . | . . . Parts Repaired . | . . . Time . | . . . Parts Recycled . | . . . Recycled Matter . | . . . Retrieved Matter . | . . . Retrieved Components 3 | . . 3 Parts Scanalyzed . | . . . Part Schematics Acquired . | . . . Parts Damaged . | . . . Bothacking | -11 -10 -9 ------------ Run | Scr Mat Mat Used RIF Installer . | . . . Robots Hacked . | . . . Non-combat . | . . . Combat . | . . . Robot Hacks Applied . | . . . Relay Couplers Released . | . . . Robots Rewired . | . . . Allies Hacked . | . . . Hacks Repelled . | . . . Allies | -11 -10 -9 -------- Run | Scr Mat Mat Total Allies . | . . . Largest Group . | . . . Highest-Rated Group . | . . . Highest-Rated Ally . | . . . Total Orders . | . . . Ally Attacks . | . . . Total Damage . | . . . Kills . | . . . Allies Corrupted . | . . . Allies Melted . | . . . Intel | -11 -10 -9 ------- Run | Scr Mat Mat Robot Analysis Total . | . . . Derelict Logs Recovered . | . . . Drone Launches . | . . . Drone Recoveries . | . . . Exploration | -11 -10 -9 ------------- Run | Scr Mat Mat Turns Passed 713 | 70 376 267 Spaces Moved 389 | 50 199 140 Core 26 | 12 . 14 Treads . | . . . Legs 363 | 38 199 126 Wheels . | . . . Hover . | . . . Flight . | . . . Fastest Speed 50 | 50 120 150 Average Speed 139 | 109 131 160 Slowest Speed 350 | 120 150 350 Overloaded Moves . | . . . Propulsion Burnouts . | . . . Robots Hopped . | . . . Cave-ins Triggered . | . . . Exploration Rate (%) 21 | 3 40 20 Regions Visited 2 Branch Regions . Pre-discovered Areas . | . . . Known Exits Taken . | . . . Unknown Exits Taken 2 | 1 1 . Scrap Searched . | . . . Spaces Dug . | . . . Terrain Destroyed . | . . . Melee . | . . . Projectile . | . . . AOE . | . . . Terrain Rammed . | . . . Walls Destroyed . | . . . Machines Disabled . | . . . Actions | -11 -10 -9 --------- Run | Scr Mat Mat Total 487 | 65 262 160 Wait 5 | . 5 . Move 387 | 49 198 140 Hop . | . . . Pick Up 22 | 10 8 4 Fast Attach . | . . . Attach 16 | 6 6 4 Detach . | . . . Swap 2 | . 2 . Drop . | . . . Fire 53 | . 42 11 Melee . | . . . Ram 1 | . . 1 Kick 1 | . 1 . Crush . | . . . Escape Stasis . | . . . Rewire . | . . . Trap . | . . . Miscellaneous . | . . . Route ------- -11/Scrapyard -10/Materials (discovered 2 exits: *Mat / Min) -9/Materials History --------- Turn | Location | Event 15 | -11/Scrapyard | Discovered new exit (range 14) 71 | -11/Scrapyard | Entered Materials 238 | -10/Materials | Identified exit to Mines 304 | -10/Materials | Build established: Mutant 365 | -10/Materials | Core integrity fell below 50% 395 | -10/Materials | Discovered new exit (range 10) 418 | -10/Materials | Lost 3 parts (1p2n) 447 | -10/Materials | Entered another Materials area 447 | -9/Materials | Evolved 2 slots: Power x1, Utility x1 603 | -9/Materials | Lost 3 parts (1n2w) 698 | -9/Materials | Core integrity fell below 50% 705 | -9/Materials | Core integrity fell below 20% 714 | -9/Materials | Destroyed by G-34 Mercenary with Small Laser Last Messages --------------- Acquired Imp. Terrain Scanner. Acquired Armor Integrity Analyzer. Acquired Reclamation Unit. Assault Rifle destroyed. Sml. Laser destroyed. Aluminum Leg destroyed. U-05 Engineer builds a Door. Sensor Array destroyed. Aluminum Leg destroyed. Acquired Imp. Signal Interpreter. Ion Engine destroyed. Triggered Alarm Trap. An alarm sounds. ALERT: Alarm triggered, dispatching investigation squad. K-01 Serf cleans the Matter Pump. U-05 Engineer lays Concrete. Lgt. Ion Engine destroyed. Aluminum Leg destroyed. K-01 Serf cleans the Repair Station. Slammed into G-47 Trooper. Map ----- +----------------------------------------------------+ | ### #?# #### ?????????????????? | | #####+##### #?????????????????????????? | | ## # #?????????????????????????? | | ## # """ #?????????????????????????? | | ## """# """ #?????????????????????????? | | ## """# """ #?????????????????????????? | | ## """# #?????????????????????????? | | ## # #?????????????????????????? | | ########### ####?????????????????????????? | | #?????? ?????????????????????? | | #?????? ?????????????????????? | | #####/#####?? ?????????????????????? | | ## #?? ?????????????????????? | | ## #?# ?????????????????????? | | ## """ """ #?# #????????????????????? | | ## """ """ #?# #????????????????????? | | ## """ """ #?# #????????????????????? | | ## """ """ #?# #????????????????????? | | ######## + """ """ #?# #???????????#????????? | | ???????# # #?# #####????? #????????? | | ???????# #####/####### ##### #????????? | | ??"" " # +????????? | | + Y g #????????? | | ???????# gg #????????? | | ???????#######+######## ###??????????????? | | ????????????"" ?????## @ ##????????????????? | | ?????????? "Y" ! ????# a #?????????????????? | | ?????????# ??# #?????????????????? | | ?????????# #?# g #?????????????????? | | ?????????# """"" #?#t ????????????????? | | ?????????# """"""""" #?##+####???????????????? | | ?????????# """ """ #?? ??????????????????? | | ?????????#??##########?? ??????????????????? | | ???????????????????????? ?????????????????? | | ???????????????????????? ?????????????????? | | ???????????????????????? ?????????????????? | | ???????????????????????? ????????????????? | | ???????????????????????? ????????????????? | | ???????????????????????? ????????????????? | | ???????????????????????? ???????????????? | | ????????????????????????#####????????????????? | | ?????????????????????????????????????????????? | | ?????????????????????????????????????????????? | | ?????????????????????????????????????????????? | | ?????????????????????????????????????????????? | | ?????????????????????????????????????????????? | | ?????????????????????????????????????????????? | | ?????????????????????????????????????????????? | | ?????????????????????????????????????????????? | | ?????????????????????????????????????????????? | +----------------------------------------------------+ Best States ------------- Heat Dissipation 28 Energy Generation 15 Energy Capacity 275 Matter Stores 300 Matter Capacity 300 Sight Range 16 Robot Scan Range 10 Terrain Scan Density 10 Evasion (%) 40 Armor Integrity Analysis 33 Item Schematics ----------------- None Robot Schematics ------------------ None Fabricated ------------ Nothing Alien Tech Used ----------------- None Achievements -------------- None Challenges ------------ None Game ------ Seed GravmagTitaniumMultirail Manual? 0 Play Time 00:12:06 Cumulative 8.0 hours Start 2022.02.15 @ 09:20:32 End 2022.02.15 @ 09:31:55 Sessions 1 Manual Loads 0 Difficulty Rogue Special Mode None Game No. 26 Rogue 20 Adventurer 6 Explorer 0 Win Type - Total 0 Types 0/0/0/0/0/0/0/0/0 Lore% 10 Gallery% 13 Achievement% 10 Wizard Run 0 Options --------- ASCII 0 Keyboard 0 Movement Mouse Keybinds 0 Fullscreen 1 Font 18/SmallcapsGlow Map View 76x50 Tactical HUD 0 Map Filters NONE Filters NONE Steam 1 RUN: f6b0c6a1-ad91-4c49-a4d9-61b6b7647559